AoeStats
← akroman2

Arena

509826904Analyzed
4v4 RM · 5d ago on Sep 28, 2026· 85m 52s· 8 players
Game mode
Random Map
Map size
Large (8 player)
Population
200
Speed
Normal
Resources
Standard
Victory
Conquest
Starting age
Dark Age
Ending age
Imperial Age
RankedLock teamsTeams togetherTeam positionsShared explorationLock speedFull tech treeHidden civsTurbo modeCheats
Victory
Defeat
🇷🇺 Berbers · Russia
1035
+15
🇲🇽 Romans · Mexico
996
+16
🇲🇽 Khmer · Mexico
964
+18
🇨🇳 Khmer · China
956
+18
🇨🇳 Persians · China
1048
-19
🇹🇼 Danes · Taiwan
1018
-17
🇹🇼 Mongols · Taiwan
994
-16
🇮🇹 Persians · Italy
955
-15
心死就在一瞬間
9:59 Feudal Age
15:35 Castle Age
13:41 Double-Bit Axe
14:01 Horse Collar
16:32 Bow Saw
20:18 Fervor
25:15 Wheelbarrow
24:42 Loom
25:07 Gold Mining
25:08 Stone Mining
26:32 Fletching
26:43 Padded Archer Armor
27:15 Ballistics
27:43 Hand Cart
28:11 Gold Shaft Mining
28:42 Stone Shaft Mining
28:13 Bodkin Arrow
28:33 Leather Archer Armor
29:48 Thumb Ring
33:09 Imperial Age
30:58 Pikeman
31:38 Squires
31:24 Arson
31:43 Scale Mail Armor
31:54 Forging
33:18 Elite Mangudai
34:43 Bracer
39:42 Nomads
40:43 Husbandry
40:53 Bloodlines
41:32 Onager
43:47 Siege Onager
Manutra
10:27 Feudal Age
14:13 Castle Age
12:28 Horse Collar
12:56 Double-Bit Axe
14:59 Bow Saw
15:12 Heavy Plow
20:35 Scale Barding Armor
22:26 Forging
22:59 Wheelbarrow
25:10 Hand Cart
24:50 Gold Mining
28:16 Imperial Age
26:38 Chain Barding Armor
27:12 Gold Shaft Mining
26:29 Stone Mining
27:54 Iron Casting
28:59 Stone Shaft Mining
27:54 Cavalier
28:36 Husbandry
29:31 Plate Barding Armor
29:15 Town Watch
29:15 Loom
31:07 Blast Furnace
31:23 Savar
34:02 Conscription
33:50 Padded Archer Armor
33:41 Fletching
37:21 Leather Archer Armor
37:03 Bodkin Arrow
38:11 Kamandaran
38:33 Crossbowman
39:19 Thumb Ring
38:35 Elite Skirmisher
39:50 Ring Archer Armor
39:45 Ballistics
39:58 Caravan
44:17 Two-Man Saw
45:33 Heavy Camel Rider
Wilson
9:34 Loom
11:29 Feudal Age
13:19 Double-Bit Axe
15:39 Castle Age
17:05 Bow Saw
18:22 Horse Collar
19:38 Heavy Plow
23:26 Gold Mining
27:01 Scale Mail Armor
27:11 Forging
31:11 Imperial Age
30:30 Wheelbarrow
30:17 Chain Mail Armor
30:32 Hamask
32:18 Gold Shaft Mining
32:14 Elite Jomsviking
34:04 Onager
34:51 Stone Mining
35:39 Iron Casting
35:34 Plate Mail Armor
35:06 Northmen's Fury
36:44 Hand Cart
37:02 Conscription
36:25 Siege Onager
38:19 Ballistics
39:00 Chemistry
39:16 Blast Furnace
43:33 Conscription
44:40 Stone Shaft Mining
64:00 Town Watch
75:57 Siege Engineers
76:31 Capped Ram
77:50 Town Patrol
77:51 Murder Holes
78:07 Masonry
77:28 Siege Ram
llrobot
7:59 Loom
12:11 Feudal Age
13:44 Horse Collar
13:54 Double-Bit Axe
16:10 Castle Age
17:13 Town Watch
17:33 Heavy Plow
18:26 Bow Saw
23:51 Heavy Plow
24:53 Gold Mining
25:53 Stone Mining
26:41 Gold Shaft Mining
27:16 Wheelbarrow
28:11 Gold Shaft Mining
31:15 Imperial Age
29:27 Stone Shaft Mining
29:16 Scale Barding Armor
29:59 Hand Cart
29:57 Forging
30:36 Padded Archer Armor
31:35 Bloodlines
31:27 Husbandry
31:49 Chain Barding Armor
32:05 Iron Casting
32:46 Conscription
33:09 Plate Barding Armor
33:15 Light Cavalry
34:52 Hoardings
35:45 Cavalier
37:19 Savar
41:53 Two-Man Saw
41:26 Crop Rotation
47:12 Chemistry
46:23 Masonry
46:10 Murder Holes
50:20 Guilds
54:19 Blast Furnace
55:11 Architecture
55:36 Hussar
63:47 Capped Ram
65:01 Kamandaran
66:49 Fletching
66:21 Crossbowman
67:06 Thumb Ring
67:56 Bodkin Arrow
71:11 Leather Archer Armor
71:30 Ballistics
74:32 Siege Ram
PGTKing50
11:26 Feudal Age
16:11 Castle Age
15:04 Double-Bit Axe
15:03 Horse Collar
16:06 Wheelbarrow
17:19 Bow Saw
17:46 Heavy Plow
22:10 Hand Cart
30:00 Imperial Age
27:54 Loom
27:55 Town Watch
28:04 Gold Mining
28:43 Ballistas
29:05 Ballistics
28:56 Fortified Wall
30:42 Gold Shaft Mining
30:12 Heavy Scorpion
32:02 Chemistry
31:11 Pikeman
31:54 Squires
32:01 Town Patrol
34:07 Siege Engineers
33:56 Halberdier
34:51 Forging
34:41 Scale Mail Armor
36:51 Chain Mail Armor
37:11 Iron Casting
43:18 Husbandry
43:30 Bloodlines
42:44 Cavalier
44:30 Blast Furnace
43:36 Scale Barding Armor
47:27 Chain Barding Armor
51:55 Plate Barding Armor
51:54 Crop Rotation
ThiranoMarck
1:42 Loom
14:11 Feudal Age
18:17 Castle Age
16:18 Double-Bit Axe
16:15 Horse Collar
16:28 Gold Mining
19:51 Heavy Plow
20:03 Bow Saw
29:06 Imperial Age
26:57 Fletching
27:30 Ballistics
28:00 Wheelbarrow
28:36 Bodkin Arrow
29:42 Forging
29:33 Scale Mail Armor
30:18 Gold Shaft Mining
29:35 Stone Mining
30:38 Hand Cart
30:53 Bracer
31:29 Iron Casting
32:09 Scale Mail Armor
31:58 Heavy Scorpion
32:52 Double Crossbow
33:13 Conscription
34:03 Chemistry
34:07 Blast Furnace
32:32 Pikeman
33:32 Town Watch
33:25 Halberdier
33:51 Arson
34:25 Chain Mail Armor
34:52 Town Patrol
akroman2
10:55 Feudal Age
14:40 Castle Age
13:22 Horse Collar
15:50 Double-Bit Axe
19:00 Bow Saw
19:55 Heavy Plow
22:39 Wheelbarrow
22:56 Fletching
24:23 Kasbah
24:17 Gold Mining
25:13 Stone Mining
25:42 Hand Cart
25:13 Loom
25:14 Town Watch
26:08 Bloodlines
26:08 Padded Archer Armor
28:06 Bodkin Arrow
28:56 Stone Shaft Mining
29:00 Gold Shaft Mining
28:45 Husbandry
29:20 Thumb Ring
30:48 Town Patrol
31:38 Leather Archer Armor
32:40 Ballistics
32:32 Masonry
34:39 Scale Barding Armor
34:44 Forging
37:43 Chain Barding Armor
37:59 Iron Casting
40:09 Imperial Age
41:05 Maghrebi Camels
41:29 Conscription
40:54 Heavy Camel Rider
42:10 Plate Barding Armor
42:36 Blast Furnace
41:37 Bracer
41:30 Elite Genitour
42:46 Ring Archer Armor
56:01 Elite Camel Archer
57:56 Chemistry
60:11 Light Cavalry
61:12 Hussar
63:08 Siege Engineers
63:14 Fortified Wall
74:06 Guilds
電動遊戯
11:27 Feudal Age
15:36 Castle Age
14:07 Horse Collar
14:25 Double-Bit Axe
18:06 Fervor
26:23 Stone Mining
26:58 Gold Mining
Connection lost

Rejoining the realm…

Still unreachable

The connection could not be restored.

Session expired

The server has moved on; the page needs a fresh start.